 Dungeon Crawl Stone Soup version 0.27-a0-522-g46bbb28828 (webtiles) character file.

Game seed: 17172481480109150517

116 gruber the Shooter (level 5, -2/30 HPs)
             Began as a Tengu Hunter on Mar 4, 2021.
             Killed by divine providence
             ... invoked by an orc priest
              (17 damage)
             ... on level 3 of the Dungeon.
             The game lasted 00:02:41 (3086 turns).

gruber the Shooter (Tengu Hunter)                   Turns: 3086, Time: 00:02:42

Health: -2/30      AC:  6    Str: 12    XL:     5   Next: 1%
Magic:  6/6        EV: 12    Int: 11    God:
Gold:   147        SH:  0    Dex: 16    Spells: 4/4 levels left

rFire    . . .     SeeInvis .   k - +2 whip (freeze)
rCold    . . .     Faith    .   (no shield)
rNeg     . . .     Spirit   .   c - +0 leather armour
rPois    .         Reflect  .   i - +2 hat
rElec    .         Harm     .   (no cloak)
rCorr    .         Rampage  .   g - +0 pair of gloves
Will     .....                  (boots unavailable)
Stlth    ++........             (no amulet)
HPRegen  0.10/turn              (no ring)
MPRegen  0.10/turn              (no ring)

@: no status effects
A: beak, talons 3, able to fly
a: Fly


You were on level 3 of the Dungeon.
You visited 1 branch of the dungeon, and saw 3 of its levels.

You collected 147 gold pieces.

Inventory:

Hand Weapons
 a - a +1 shortbow
 f - a +3 dagger
 k - a +2 whip of freezing (weapon)
Missiles
 u - 6 atropa-tipped darts (quivered)
Armour
 c - a +0 leather armour (worn)
 g - a +0 pair of gloves (worn)
 i - a +2 hat (worn)
Scrolls
 b - a scroll of immolation {unknown}
 e - 3 scrolls of teleportation {unknown}
 j - 5 scrolls of identify {unknown}
 l - a scroll of enchant weapon {unknown}
 m - 2 scrolls of random uselessness {unknown}
 t - a scroll of blinking {unknown}
Potions
 h - 2 potions of attraction {unknown}
 n - a potion of degeneration {unknown}
 o - 2 potions of invisibility {unknown}
 p - 3 potions of heal wounds {unknown}
 q - 2 potions of curing {unknown}
 r - a potion of might {unknown}
 s - a potion of brilliance {unknown}


   Skills:
 - Level 2.0 Fighting
 * Level 6.7 Bows
 - Level 2.1 Dodging
 - Level 1.0 Stealth


You had 4 spell levels left.
You didn't know any spells.
Your spell library was empty.

Dungeon Overview and Level Annotations

Branches:
Dungeon (3/15)

Altars:


Innate Abilities, Weirdness & Mutations

You have a beak for a mouth.
You have claws for feet.
You can fly continuously.


Message History

The orc priest barely misses you.
Unknown command.
You shoot an arrow.
The arrow closely misses the orc priest.
The orc priest mumbles some strange prayers to Beogh against you.
Beogh smites you!
Unknown command.
You shoot an arrow. The arrow barely misses the orc priest.
The orc priest hits you.
Unknown command.
You shoot an arrow.
The arrow closely misses the orc priest.
The orc priest looks satisfied for a moment.
You shoot an arrow.
The arrow hits the orc priest but does no damage.
The orc priest is moderately wounded.
The orc priest hits you but does no damage.
Unknown command.
You shoot an arrow. The arrow hits the orc priest.
The orc priest is heavily wounded.
The orc priest hits you.
Unknown command.
You shoot an arrow. The arrow hits the orc priest.
The orc priest is heavily wounded.
The orc priest hits you but does no damage.
Unknown command.
You shoot an arrow. The arrow hits the orc priest.
The orc priest is almost dead.
The orc priest hits you.
Unknown command.
You are too injured to fight recklessly!
Unknown command.
Unknown command.
Unknown command.
Your +2 whip of freezing glows with a cold blue light!
k - a +2 whip of freezing (weapon)
The orc priest calls down the wrath of Beogh upon you.
Beogh smites you!
Ouch! That really hurt!
You die...

######## ............#..##
.......# #.)##........##..##
##..#.## #
...##.........#..# ##..#.#
#. ..##.....#......##
....#.# #(.
.........#...#..#. .#.##.#
...( #.##.....#...##.#.
.#....# .....
#.##.....+...##.#. .######
##...(#.###....#...##.#. .#
(.....o@...........##.## '##
#######.########......# ..#
.).# #...##.## ..# #####
#.#.##.#. ..# ########
#.#)##.#. '### #.##......#
#.#.##.#. ...# #.##......#
#.#....#. ...#
#.##......##########.##.#.#.
...#
#)##...............(.##...#.


You could see an orc priest.

Vanquished Creatures
  A gnoll (D:1)
  3 adders
  2 worms
  2 dart slugs (D:1)
  2 leopard geckos
  3 orcs (D:3)
  2 giant cockroaches
  7 goblins
  9 hobgoblins
  4 jackals
  7 kobolds
  3 quokkas
  2 ball pythons
  7 bats
  2 frilled lizards
  4 rats (D:1)
60 creatures vanquished.

Notes
Turn   | Place    | Note
-------+----------+-------------------------------------------
     0 | D:1      | gruber the Tengu Hunter began the quest for the Orb.
     0 | D:1      | Reached XP level 1. HP: 12/12 MP: 2/2
   113 | D:1      | Reached XP level 2. HP: 5/17 MP: 3/3
   424 | D:1      | Reached skill level 5 in Bows
   528 | D:1      | Reached XP level 3. HP: 21/21 MP: 4/4
  1589 | D:2      | Reached skill level 6 in Bows
  1589 | D:2      | Reached XP level 4. HP: 25/26 MP: 5/5
  3076 | D:3      | Gained mutation: You can fly continuously. [Tengu growth]
  3076 | D:3      | Reached XP level 5. HP: 30/30 MP: 6/6
  3086 | D:3      | Killed from afar by an orc priest

Illustrated notes

Levels and vault maps discovered:
D:1:      evilmike_arrival_plus, layout_basic
D:2:      layout_rooms, minmay_vboxes
D:3:      layout_basic

Skill      XL: |  1  2  3 |
---------------+----------+-----
Bows           | 5 6 |  6.7
Fighting       | |  2.0
Dodging        | |  2.1
Stealth        | |  1.0

Action                   |  1- 3 |  4- 6 || total
-------------------------+-------+-------++-------
Melee: Short sword       |    32 |       ||    32
       Kick              |    22 |    18 ||    40
       Peck              |     6 |     9 ||    15
       Dagger            |    33 |     4 ||    37
       Whip              |       |    58 ||    58
 Fire: Shortbow          |    14 |    34 ||    48
 Stab: Sleeping          |       |     4 ||     4
Armor: Leather armour    |    20 |    17 ||    37
Dodge: Dodged            |    38 |    42 ||    80

Table legend: (Time is in decaauts)
 A = Elapsed time spent in this place.
 B = Non-inter-level travel time spent in this place.
 C = Inter-level travel time spent in this place.
 D = Time resting spent in this place.
 E = Time spent auto-exploring this place.
 F = Levels seen in this place.
 G = Mean time per level.
                   A        B        C        D        E       F      G
               +--------+--------+--------+--------+--------+-----+--------+
         Total |   3090 |   3065 |     25 |    387 |   2260 |   3 | 1030.0 |
       Dungeon |   3090 |   3065 |     25 |    387 |   2260 |   3 | 1030.0 |
               +--------+--------+--------+--------+--------+-----+--------+

Top non-repeatable levels by time:
     D:1: 1480 daAuts
     D:3: 811 daAuts
     D:2: 798 daAuts
